 Dungeon Crawl Stone Soup version 0.20.1-1-g8b1a95d (webtiles) character file.

39372 namelastname112 the Jinx (level 13, -2/62 HPs)
             Began as a Felid Chaos Knight on July 28, 2017.
             Slain by a great orb of eyes (4 damage)
             ... on level 2 of the Abyss.
             The game lasted 00:59:50 (31326 turns).

namelastname112 the Jinx (Felid Chaos Knight)      Turns: 31326, Time: 00:59:51

Health: -2/62      AC:  5    Str:  6    XL:     13   Next: 68%
Magic:  12/26      EV: 35    Int: 13    God:    Xom [.....*]
Gold:   2175       SH:  0    Dex: 19    Spells: 14/29 levels left
                                        Lives:  0   Deaths: 4

rFire    + . .     SeeInvis +     - Unarmed
rCold    + . .     Gourm    .   (shield unavailable)
rNeg     . . .     Faith    .   (armour unavailable)
rPois    +         Spirit   .   (helmet unavailable)
rElec    .         Reflect  .   (cloak unavailable)
rCorr    +         Harm     .   (gloves unavailable)
MR       +....                  (boots unavailable)
Stlth    +++.......             U - amulet of rage
Regen    0.2/turn               J - ring of Irrepressible Laughter {rCorr +Inv rPois Slay+2}
MPRegen  0.2/turn               T - +4 ring of evasion

@: confused, about to teleport, very slightly contaminated, drained, invisible,
quick
A: no armour, no weapons or thrown items, stealth, claws 1, fangs 3, repulsion
field 1, thin metallic scales 1, see invisible, carnivore 3, dopey 1, fire
resistance 1, speed 1, mutation resistance 1, sense surroundings 1, screaming 1,
shaggy fur 3, slow metabolism 1, weak 1, sharp paws
a: Renounce Religion, Evoke Berserk Rage


You were on level 2 of the Abyss.
You worshipped Xom.
You were Xom's teddy bear.
You were very full.

You visited 2 branches of the dungeon, and saw 20 of its levels.
You visited the Abyss 1 time.
You also visited: Labyrinth, Bailey, Ice Cave and Volcano.

You collected 2175 gold pieces.

Inventory:

Jewellery
 C - an uncursed ring of protection from fire
 J - the ring of Irrepressible Laughter (left paw) {rCorr +Inv rPois Slay+2}
   (You found it in a labyrinth)

   [ring of resist corrosion]

   It affects your accuracy and damage with ranged weapons and melee attacks
   (+2).
   It protects you from poison.
   It lets you turn invisible.
 T - a +4 ring of evasion (right paw)
 U - an amulet of rage (around neck)
Wands
 c - a wand of iceblast (9/15)
 d - a wand of acid (4/15)
 e - a wand of acid (1/15)
 l - a wand of acid (7/15)
 v - a wand of clouds (4/9)
 z - a wand of confusion (20/48)
 B - a wand of flame (12/48)
 E - a wand of paralysis (8/24)
 F - a wand of iceblast (6/15)
 G - a wand of iceblast (8/15)
 I - a wand of polymorph (9/24)
 K - a wand of clouds (2/9)
 L - a wand of lightning (9/15)
Scrolls
 f - 2 scrolls of recharging
 h - 6 scrolls of immolation
 j - 12 scrolls of remove curse
 m - 5 scrolls of amnesia
 u - 5 scrolls of teleportation
 H - a scroll of identify
 O - a scroll of magic mapping
 R - 3 scrolls of blinking
Potions
 g - 6 potions of flight
 i - 4 potions of brilliance
 o - a potion of cancellation
 p - 4 potions of mutation
 q - 4 potions of haste
 t - 5 potions of lignification
 w - 6 potions of agility
 x - 3 potions of magic
 A - 3 potions of berserk rage
 M - a potion of might
 N - 2 potions of ambrosia
 Q - a potion of heal wounds
Comestibles
 a - 10 meat rations
 n - 10 royal jellies


   Skills:
 + Level 10.6(9.5) Fighting
 + Level 13.1(11.9) Dodging
 + Level 13.9(12.7) Stealth
 * Level 14.0(12.8) Unarmed Combat
 + Level 8.6(7.6) Spellcasting
 + Level 14.7(13.4) Hexes
 - Level 4.6(3.6) Evocations


You had 14 spell levels left.
You knew the following spells:

 Your Spells              Type           Power        Failure   Level  Hunger
a - Blink                 Tloc           N/A          22%         2    #......
c - Dazzling Spray        Conj/Hex       ###...       2%          3    ##.....
d - Tukima's Dance        Hex            #####...     1%          3    ##.....
e - Apportation           Tloc           #.....       14%         1    None
f - Invisibility          Hex            #####...     9%          6    #######


Dungeon Overview and Level Annotations

Branches:
Dungeon (14/15)            Temple (0/1) D:7            Lair (6/6) D:11
 Shoals (0/4) Lair:4        Snake (0/4) Lair:4        Slime (0/5) Lair:6
    Orc (0/2) D:9
 Vaults: D:13-14

Altars:
Ashenzari
Cheibriados
Dithmenos
Fedhas
Makhleb
Okawaru
Xom
Jiyva
Lugonu

Shops:
D:14 %

Portals:
Hell: Lair:6

Annotations:
D:9 Amon001's ghost, novice GrFi
Lair:3 exclusion: oklob plant
Lair:6 exclusion: ice statue


Innate Abilities, Weirdness & Mutations

You cannot wear armour.
You are incapable of wielding weapons or throwing items.
Your paws allow you to move quietly. (Stealth)
You have sharp claws.
You have razor-sharp teeth.
You have supernaturally acute eyesight. (SInv)
You are carnivorous and can eat meat at any time.
You cover ground quickly.
Your thick and shaggy fur keeps you warm. (AC +3, rC+)
You have a slow metabolism.
Your sharp claws are effective at attacking unaware monsters.
You are surrounded by a mild repulsion field. (EV +2)
You are partially covered in thin metallic scales. (AC +2)
You are dopey. (Int -2)
Your flesh is heat resistant. (rF+)
You are somewhat resistant to further mutation.
You passively map a small area around you.
You occasionally shout uncontrollably at your foes.
You are weak. (Str -2)


Message History

You resist with almost no effort. The great orb of eyes bites you.
The golden eye blinks at you. You resist with almost no effort.
The great orb of eyes bites you!
* * * LOW HITPOINT WARNING * * *
The great orb of eyes gazes at you.
You shrug off the repeated paralysis!
You can move again.
You scratch the great orb of eyes but do no damage.
The golden eye blinks at you. You resist with almost no effort.
The great orb of eyes gazes at you. You resist with some effort.
The golden eye blinks at you.
You are more confused.
The great orb of eyes bites you!
* * * LOW HITPOINT WARNING * * *
The great orb of eyes bites you.
You die...
Xom snickers!

##..#'#
##.###.# #
#.##...# .#
##.#....# ...
#.##...'##...
#.#..G##.##..
#'#..G#G#)#..
#G#..@##)##..
#.##GGG###...
##G#.G.......
#G##.......#
##.###...###
##..#####..
###..'..##
######


You could see 4 great orbs of eyes, a shining eye, an eye of devastation, an eye
of draining, a floating eye and 2 golden eyes.

Vanquished Creatures
  A minotaur (Lab)
  Fannar (Lair:1)
  A great orb of eyes (Abyss:2)
  7 hydras
  A catoblepas (Lair:6)
  7 two-headed ogres
  6 death yaks
  A hell knight (Volcano)
  A sun demon (Lair:6)
  Nergalle (D:11)
  3 skeletal warriors (D:13)
  A fire crab (shapeshifter) (D:13)
  A necromancer (IceCv)
  8 wizards
  An ugly thing (D:13)
  2 cyclopes
  An elephant (Lair:6)
  An elephant (shapeshifter) (D:7)
  Maurice (D:12)
  7 black mambas
  3 ice statues (IceCv)
  Psyche (D:9)
  A centaur zombie (D:11)
  7 spiny frogs
  5 orange demons (Lair:6)
  A gargoyle (Lab)
  6 komodo dragons
  3 kobold demonologists (D:13)
  5 rime drakes (Lair:6)
  A hellwing (Lair:6)
  3 meliai (D:13)
  7 trolls
  9 polar bears
  A wind drake (Lair:3)
  5 slime creatures
  6 dream sheep (Lair:6)
  10 blink frogs
  5 hippogriffs
  A wraith (D:12)
  2 redbacks (Lab)
  9 hungry ghosts
  2 wyverns
  48 yaks
  3 steam dragons
  7 vampire mosquitoes
  An acid dragon (D:13)
  15 water moccasins
  4 porcupines
  4 hell hounds (Lair:6)
  3 orc warriors
  3 sky beasts
  17 ice beasts
  A black bear (D:11)
  2 phantoms
  7 ogres
  5 wolves
  2 necrophages
  4 centaurs
  3 big kobolds
  11 crocodiles
  16 bullfrogs
  A gnoll sergeant (D:6)
  A wyvern skeleton (D:13)
  2 scorpions
  7 killer bees (D:11)
  7 wights
  An electric eel (Lair:2)
  3 howler monkeys (D:9)
  5 crimson imps
  A draconian simulacrum (IceCv)
  6 hounds
  5 jellies
  A bullfrog zombie (D:9)
  2 orc priests
  2 bullfrog skeletons (D:12)
  A centaur skeleton (D:11)
  2 iguanas
  7 orc wizards
  A hell rat (D:11)
  11 worker ants
  A spriggan simulacrum (IceCv)
  2 troll simulacra (IceCv)
  A killer bee zombie (D:7)
  3 centaur simulacra (IceCv)
  3 hound skeletons
  A worker ant zombie (D:5)
  17 adders
  7 gnolls
  A naga simulacrum (IceCv)
  3 river rats (D:11)
  2 ogre simulacra (IceCv)
  3 shadow imps
  A white imp (Lair:6)
  An ufetubus (D:14)
  2 oozes (D:1)
  2 adder skeletons
  3 dart slugs
  7 leopard geckos
  24 orcs
  6 ball pythons
  3 bats
  3 giant cockroaches
  3 hobgoblins
  22 kobolds
  5 quokkas
  5 frilled lizards
  A giant cockroach zombie (D:5)
  23 goblins
  A leopard gecko skeleton (D:6)
  5 rats
529 creatures vanquished.

Vanquished Creatures (collateral kills)
  2 hydras (D:11)
  A two-headed ogre (Volcano)
  An ogre mage (Volcano)
  A blink frog (Lair:2)
  Grum (D:8)
  A hungry ghost (D:7)
  2 orc warriors
  3 wolves (D:8)
  A big kobold (D:10)
  A bullfrog (Lair:2)
  A scorpion (D:4)
  A bullfrog skeleton (D:6)
  An orc wizard (D:6)
  2 jellies
  2 gnolls (D:6)
  5 orcs
26 creatures vanquished.

Vanquished Creatures (others)
  A wolf (D:14)
  An orc wizard (D:12)
  A hell rat (D:11)
  2 demonic plants (D:13)
  14 fungi
  3 plants (Lair:4)
22 creatures vanquished.

Grand Total: 577 creatures vanquished

Notes
Turn   | Place    | Note
-------+----------+-------------------------------------------
     0 | D:1      | namelastname112 the Felid Chaos Knight began the quest for the Orb.
     0 | D:1      | Reached XP level 1. HP: 10/10 MP: 2/2
    27 | D:1      | Reached skill level 1 in Stealth
   175 | D:1      | Reached XP level 2. HP: 14/14 MP: 3/3
   220 | D:1      | XOM: harmless Conj miscast
   556 | D:1      | XOM: divination: detect creatures
   562 | D:1      | XOM: harmless Necr miscast
   609 | D:1      | XOM: cloud trail
  1137 | D:2      | Reached XP level 3. HP: 17/17 MP: 4/4
  1610 | D:3      | XOM: god gift: dagger {god gift}
  1688 | D:3      | XOM: smoke on damage
  2060 | D:3      | XOM: cloud trail
  2112 | D:3      | XOM: confusion (+ monsters)
  2131 | D:3      | XOM: harmless Tmut miscast
  2306 | D:3      | Reached XP level 4. HP: 21/21 MP: 5/5
  2406 | D:3      | Found an iron altar of Okawaru.
  2717 | D:3      | XOM is BORED!
  2717 | D:3      | XOM: mild Erth miscast
  3039 | D:3      | XOM: harmless Summ miscast
  3106 | D:3      | Gained mutation: Your flesh is heat resistant. (rF+) [potion of mutation]
  3106 | D:3      | Gained mutation: You are partially covered in iridescent scales. (AC +2) [potion of mutation]
  3130 | D:3      | Reached XP level 5. HP: 17/24 MP: 6/6
  3573 | D:4      | Noticed an ogre
  3580 | D:4      | XOM: mild Summ miscast
  3602 | D:4      | XOM: noise
  3659 | D:4      | XOM: summons friendly white imp
  3660 | D:4      | XOM: confusion (+ monsters)
  3668 | D:4      | Killed an ogre
  3728 | D:4      | XOM: mild Tmut miscast
  3807 | D:4      | XOM: enchant monster (good)
  3809 | D:4      | Gained mutation: You are covered in thick fur. (AC +2) [Felid growth]
  3809 | D:4      | Reached XP level 6. HP: 28/28 MP: 7/7
  3827 | D:4      | XOM: summons 6 friendly demons
  3890 | D:4      | Noticed a sky beast
  3912 | D:5      | Entered Level 5 of the Dungeon
  4087 | D:5      | Learned a level 3 spell: Dazzling Spray
  4142 | D:5      | XOM: harmless Pois miscast
  4270 | D:5      | XOM: 1-stop teleportation journey
  4580 | D:4      | Reached skill level 5 in Dodging
  4657 | D:4      | XOM: scenery: create altars
  4928 | D:4      | XOM: scenery: create altars
  4936 | D:4      | XOM: summons 3 hostile shadow creatures
  4941 | D:4      | Killed a sky beast
  4941 | D:4      | Reached skill level 5 in Unarmed Combat
  4941 | D:4      | Reached skill level 1 in Hexes
  5154 | D:4      | XOM: give mutations
  5154 | D:4      | Lost mutation: You are partially covered in iridescent scales. (AC +2) [Xom's mischief]
  5249 | D:4      | XOM: mild Necr miscast
  5419 | D:5      | Reached XP level 7. HP: 22/31 MP: 9/9
  5618 | D:6      | XOM: divination: detect items
  5647 | D:6      | Reached skill level 1 in Spellcasting
  5647 | D:6      | XOM: butterfly on damage
  5649 | D:6      | XOM: chaos upgrade
  5650 | D:6      | XOM: give mutations
  5650 | D:6      | Gained mutation: You occasionally shout uncontrollably at your foes. [Xom's mischief]
  5650 | D:6      | Gained mutation: You are dopey. (Int -2) [Xom's mischief]
  5650 | D:6      | Gained mutation: Your spells are a little harder to cast, but a little more powerful. [Xom's mischief]
  5650 | D:6      | Gained mutation: You are frail. (-10% HP) [Xom's mischief]
  5728 | D:6      | XOM: harmless Hex miscast
  6030 | D:6      | XOM: silly message
  6047 | D:6      | Reached skill level 5 in Stealth
  6260 | D:6      | XOM: harmless Air miscast
  6268 | D:6      | XOM: silly message
  6350 | D:7      | Found a staircase to the Ecumenical Temple.
  6416 | D:7      | XOM: harmless Tmut miscast
  6449 | D:7      | Noticed a hungry ghost
  6456 | D:7      | You fall through a shaft for 2 floors!
  6456 | D:9      | Found a staircase to the Orcish Mines.
  6499 | D:8      | Found a flagged portal.
  6521 | Bailey   | Entered a bailey
  6575 | Bailey   | XOM: severe Tmut miscast
  6579 | Bailey   | Noticed Megalobster's ghost (journeyman DECj)
  6587 | Bailey   | Noticed Agrougrou's ghost (novice DsFi)
  6655 | D:8      | XOM: enchant monster (bad)
  6656 | D:8      | XOM: mild Ice miscast
  6675 | D:8      | Found a snail-covered altar of Cheibriados.
  6683 | D:8      | XOM: summons 6 friendly demons
  6691 | D:8      | Noticed Grum
  6696 | D:8      | XOM: divination: detect creatures
  6697 | D:8      | XOM: potion effect (berserk rage)
  6895 | D:7      | XOM: divination: detect creatures
  6925 | D:7      | XOM: cloud trail
  6941 | D:7      | Noticed a hippogriff
  6941 | D:7      | Noticed a hungry ghost
  6947 | D:7      | Noticed an unseen horror
  6947 | D:7      | a hippogriff changed into an unseen horror
  6957 | D:7      | Noticed a polar bear
  6957 | D:7      | an unseen horror changed into a polar bear
  6967 | D:6      | XOM: god gift: war axe {god gift}
  7008 | D:6      | XOM: mild Erth miscast
  7013 | D:6      | XOM: summons 7 friendly demons
  7032 | D:6      | XOM: god gift: potion of flight
  7049 | D:6      | XOM: god gift: scroll of teleportation
  7053 | D:6      | XOM: summons 2 hostile demons
  7293 | D:5      | XOM: mild Summ miscast
  7429 | D:5      | XOM: summons 3 hostile demons
  7430 | D:5      | Noticed a soul eater
  7554 | D:6      | XOM: 1-stop teleportation journey
  7613 | D:6      | HP: 1/29 [gnoll/flail (11)]
  7614 | D:6      | Mangled by a gnoll
  7615 | D:6      | Reached XP level 6. HP: -6/26 MP: 9/9
  7629 | D:6      | XOM: cast spell 'Summon Dragon'
  7631 | D:6      | Killed an orc warrior
  7722 | D:6      | XOM: mild Fire miscast
  7726 | D:6      | Reached XP level 7. HP: 26/29 MP: 10/10
  7854 | D:6      | XOM: harmless Ice miscast
  8190 | D:6      | XOM: summons 3 hostile demons
  8246 | D:5      | XOM: give mutations
  8246 | D:5      | Gained mutation: You sometimes yell uncontrollably at your foes. [Xom's mischief]
  8246 | D:5      | Lost mutation: Your spells are a little harder to cast, but a little more powerful. [Xom's mischief]
  8261 | D:6      | XOM: noise
  8289 | D:6      | XOM: summons 3 hostile demons
  8291 | D:6      | XOM: butterfly on damage
  8292 | D:6      | XOM: blink monster(s)
  8463 | D:6      | XOM: swap monsters
  8768 | D:7      | XOM: scenery: 1 doors close
  8783 | D:7      | Reached skill level 5 in Fighting
  8967 | D:7      | Reached XP level 8. HP: 18/33 MP: 12/12
  9117 | D:7      | XOM: noise
  9372 | D:7      | Noticed a jumping spider
  9373 | D:7      | XOM: 3-stop teleportation journey
  9379 | D:7      | XOM: confusion
  9380 | D:7      | XOM: mild Hex miscast
  9383 | D:7      | XOM: enchant monster (good)
  9387 | D:7      | XOM: summons 3 friendly demons
  9413 | D:7      | Noticed a jumping spider
  9436 | D:7      | Slain by a jumping spider (shapeshifter)
  9437 | D:7      | Reached XP level 7. HP: -1/29 MP: 2/12
  9665 | D:7      | XOM: scenery: 1 doors close
  9792 | D:7      | XOM: scenery: create altars
  9949 | D:7      | XOM: smoke on damage
  9979 | D:7      | Noticed a guardian serpent
  9981 | D:7      | XOM: potion effect (heal wounds)
 10158 | D:7      | Reached XP level 8. HP: 30/33 MP: 13/13
 10215 | D:7      | Noticed a queen ant
 10219 | D:7      | XOM: butterfly on damage
 10225 | D:7      | XOM: fog
 10230 | D:7      | Noticed a five-headed hydra
 10230 | D:7      | a queen ant changed into a five-headed hydra
 10323 | D:7      | XOM: fake destruction
 10329 | D:7      | Paralysed by a floating eye for 3 turns
 10332 | D:7      | Noticed an elephant
 10332 | D:7      | a floating eye changed into an elephant
 10339 | D:7      | Killed an elephant
 10339 | D:7      | Reached skill level 5 in Hexes
 10413 | D:7      | XOM: smoke on damage
 10702 | D:7      | XOM: butterfly on damage
 10727 | D:7      | XOM: give mutations
 10727 | D:7      | Gained mutation: You are surrounded by a mild repulsion field. (EV +2) [Xom's grace]
 10727 | D:7      | Gained mutation: You passively map a small area around you. [Xom's grace]
 11321 | D:8      | XOM: enchant monster (good)
 11348 | D:8      | Killed Grum
 11348 | D:8      | Reached XP level 9. HP: 13/36 MP: 6/15
 11623 | D:8      | XOM: fake destruction
 11862 | D:8      | Noticed a two-headed ogre
 12118 | D:9      | Noticed Psyche
 12215 | D:9      | Noticed Amon001's ghost (novice GrFi)
 12222 | D:9      | XOM: cast spell 'Dispersal'
 12275 | D:9      | Found a shattered altar of Ashenzari.
 12287 | D:9      | XOM: noise
 12322 | D:10     | Entered Level 10 of the Dungeon
 12355 | D:10     | XOM: potion effect (brilliance)
 12430 | D:10     | XOM: potion effect (curing)
 12432 | D:10     | XOM: silly message
 12433 | D:10     | XOM: divination: magic mapping
 12802 | D:10     | XOM: mild Ice miscast
 12872 | D:10     | Found a shadowy altar of Dithmenos.
 12940 | D:10     | XOM: divination: detect items
 13263 | D:10     | Noticed a troll
 13270 | D:10     | Killed a troll
 13270 | D:10     | Reached skill level 1 in Evocations
 13292 | D:10     | XOM: god gift: runed dagger {god gift}
 13404 | D:9      | XOM: summons friendly quasit
 13534 | D:9      | XOM: fake destruction
 13555 | D:9      | XOM: enchant monster (bad)
 13578 | D:9      | You fall through a shaft for 2 floors!
 13578 | D:11     | Found a staircase to the Lair.
 13578 | D:11     | Noticed a death yak
 13578 | D:11     | Noticed a death yak
 13578 | D:11     | Noticed Nergalle
 13579 | D:11     | Noticed a death yak
 13605 | D:11     | Noticed an eight-headed hydra
 13630 | D:11     | XOM: scenery: create altars
 13632 | D:11     | XOM: potion effect (might)
 13635 | D:11     | XOM: divination: detect items
 13642 | D:11     | XOM: harmless Erth miscast
 13870 | D:11     | Reached XP level 10. HP: 41/41 MP: 17/17
 13890 | D:11     | XOM: potion effect (magic)
 13907 | D:11     | Killed a death yak
 13909 | D:11     | XOM: potion effect (invisibility)
 13911 | D:11     | XOM: potion effect (heal wounds)
 13925 | D:11     | Killed a death yak
 13929 | D:11     | Killed a death yak
 14296 | D:11     | XOM: divine lightning
 14300 | D:11     | XOM: fog
 14307 | D:11     | XOM: scenery: create altars
 14308 | D:11     | Noticed a wizard
 14309 | D:11     | XOM: enchant monster (good)
 14311 | D:11     | Reached skill level 5 in Spellcasting
 14317 | D:11     | HP: 1/42 [wizard/dagger (5)]
 14321 | D:11     | XOM: butterfly on damage
 14328 | D:11     | XOM: snakes to sticks
 14329 | D:11     | Killed a wizard
 14375 | D:11     | XOM: give mutations
 14375 | D:11     | Gained mutation: You evolve. [Xom's grace]
 14375 | D:11     | Gained mutation: You are partially covered in thin metallic scales. (AC +2) [Xom's grace]
 14375 | D:11     | Gained mutation: You are partially covered in molten scales. (AC +2) [Xom's grace]
 14457 | D:10     | XOM: god gift: 950 gold pieces
 14673 | D:11     | XOM: confuse monster(s)
 14675 | D:11     | XOM: divination: detect items
 14680 | D:11     | Killed Nergalle
 14696 | D:11     | Noticed a four-headed hydra
 14704 | D:11     | XOM: fog
 14708 | D:11     | XOM: summons 5 friendly demons
 14713 | D:11     | Killed a four-headed hydra
 14713 | D:11     | Reached XP level 11. HP: 13/45 MP: 14/19
 14740 | D:11     | XOM: 2-stop teleportation journey
 14879 | D:11     | XOM: give mutations
 14879 | D:11     | Gained mutation: You possess an exceptional clarity of mind. [Xom's grace]
 14879 | D:11     | Lost mutation: You evolve. [Xom's grace]
 14879 | D:11     | Gained mutation: You are somewhat resistant to further mutation. [Xom's grace]
 14986 | D:11     | XOM: summons friendly white imp
 15115 | D:11     | XOM: destruction
 15125 | D:11     | XOM: 6-stop teleportation journey
 15130 | D:11     | XOM: summons 5 friendly demons
 15133 | D:11     | Killed an eight-headed hydra
 15309 | D:10     | Reached skill level 10 in Unarmed Combat
 15406 | D:11     | Noticed a wizard
 15415 | D:11     | Killed a wizard
 15419 | D:11     | Noticed a wizard
 15432 | D:11     | Noticed a wizard
 15441 | D:11     | Killed a wizard
 15443 | D:11     | XOM: harmless Ice miscast
 15515 | D:11     | Noticed a wizard
 15523 | D:11     | XOM: potion effect (might)
 15524 | D:11     | Killed a wizard
 15534 | D:11     | Noticed a wizard
 15540 | D:11     | Killed a wizard
 15773 | D:11     | Noticed a wizard
 15774 | D:11     | XOM: divination: detect creatures
 15789 | D:11     | XOM: noise
 15790 | D:11     | Killed a wizard
 15790 | D:11     | Reached skill level 10 in Stealth
 15835 | D:11     | Learned a level 6 spell: Invisibility
 15938 | D:11     | XOM: confuse monster(s)
 15940 | D:11     | XOM: silly message
 15942 | D:11     | XOM: confuse monster(s)
 15948 | D:11     | Killed a wizard
 15958 | D:11     | Noticed a two-headed ogre
 15979 | D:11     | XOM: 1-stop teleportation journey
 16058 | D:11     | XOM: polymorph killer bee -> bullfrog
 16208 | D:11     | Killed a two-headed ogre
 16208 | D:11     | Reached skill level 10 in Dodging
 16259 | D:11     | XOM: harmless Pois miscast
 16262 | D:11     | XOM: noise
 16274 | D:11     | XOM: mild Necr miscast
 16297 | D:11     | XOM: divination: detect items
 16487 | D:11     | Learned a level 3 spell: Tukima's Dance
 16608 | D:12     | XOM: divination: detect creatures
 16613 | D:12     | XOM: confuse monster(s)
 16621 | D:12     | Found a labyrinth entrance.
 16629 | Lab      | Entered a labyrinth
 17044 | Lab      | Found an exit through the horrors of the Abyss.
 17115 | Lab      | Noticed a minotaur
 17118 | Lab      | Killed a minotaur
 17118 | Lab      | Reached skill level 10 in Hexes
 17118 | Lab      | Gained mutation: Your thick and shaggy fur keeps you warm. (AC +3, rC+) [Felid growth]
 17118 | Lab      | Reached XP level 12. HP: 49/49 MP: 22/22
 17120 | Lab      | Got a vibrating brass ring
 17174 | Lab      | XOM: mild Erth miscast
 17176 | Lab      | XOM: butterfly on damage
 17253 | D:12     | XOM: scenery: 2 doors open
 17446 | D:12     | Identified the ring of Irrepressible Laughter {rCorr +Inv rPois Slay+2} (You found it in a labyrinth)
 17497 | D:12     | XOM: blink monster(s)
 17578 | D:12     | XOM: divination: detect creatures
 17691 | D:12     | XOM: 7-stop teleportation journey
 17775 | D:12     | XOM: polymorph yak -> komodo dragon
 18198 | D:12     | XOM: destruction
 18200 | D:12     | XOM: divination: magic mapping
 18217 | D:12     | XOM: divine lightning
 18673 | D:12     | Noticed Maurice
 18685 | D:12     | Killed Maurice
 18855 | D:13     | Noticed a seven-headed hydra
 18857 | D:13     | Killed a seven-headed hydra
 18979 | D:13     | Noticed a six-headed hydra
 18994 | D:13     | Killed a six-headed hydra
 19140 | D:12     | XOM: god gift: meat ration
 19208 | D:13     | Slain by a skeletal warrior
 19209 | D:13     | Reached XP level 11. HP: -3/46 MP: 19/22
 19211 | D:13     | Found a corrupted altar of Lugonu.
 19218 | D:13     | XOM: confuse monster(s)
 19253 | D:13     | XOM: scenery: 1 doors open
 19254 | D:13     | XOM: smoke on damage
 19255 | D:13     | Killed a skeletal warrior
 19309 | D:13     | XOM: scenery: create altars
 19444 | D:13     | Noticed a brown ugly thing
 19447 | D:13     | XOM: cleaving
 19460 | D:13     | Killed a brown ugly thing
 19693 | D:13     | XOM: fog
 19720 | D:13     | XOM: scenery: create altars
 19731 | D:13     | Reached XP level 12. HP: 14/51 MP: 5/23
 19998 | D:13     | XOM: scenery: 2 doors close
 20033 | D:13     | Noticed a six-headed hydra
 20052 | D:13     | Killed a six-headed hydra
 20220 | D:13     | Noticed a two-headed ogre
 20227 | D:13     | XOM: fog
 20245 | D:13     | XOM: confuse monster(s)
 20253 | D:13     | Killed a two-headed ogre
 20469 | D:13     | XOM: harmless Hex miscast
 20485 | D:13     | XOM: divination: detect items
 20526 | D:14     | Found Raonuc's Food Shoppe.
 20584 | D:14     | XOM: cast spell 'Call Canine Familiar'
 20666 | D:14     | Found a frozen archway.
 20670 | D:14     | XOM: divination: detect items
 20678 | D:14     | XOM: god gift: bread ration
 20760 | IceCv    | Entered an ice cave
 20858 | IceCv    | XOM: potion effect (invisibility)
 20863 | IceCv    | XOM: 1-stop teleportation journey
 21148 | IceCv    | XOM: 2-stop teleportation journey
 21739 | IceCv    | XOM: scenery: create altars
 21896 | D:14     | Noticed a rakshasa
 22091 | Lair:1   | Entered Level 1 of the Lair of Beasts
 22126 | Lair:1   | XOM: god gift: 59 gold pieces
 22201 | Lair:1   | XOM: enchant monster (good)
 22265 | Lair:1   | XOM: 3-stop teleportation journey
 22378 | Lair:1   | Noticed a five-headed hydra
 22392 | Lair:1   | Killed a five-headed hydra
 22432 | Lair:1   | XOM: harmless Chrm miscast
 22485 | Lair:1   | Noticed Fannar
 22493 | Lair:1   | Killed Fannar
 22525 | Lair:1   | Identified Sif Muna's Papyrus of the Icy Entourage
 22609 | Lair:1   | XOM: god gift: 4 fruits
 22736 | Lair:1   | XOM is BORED!
 22736 | Lair:1   | XOM: medium Summ miscast
 23038 | Lair:1   | XOM: cloud trail
 23261 | Lair:1   | Learned a level 1 spell: Apportation
 23264 | Lair:1   | Learned a level 2 spell: Blink
 23298 | Lair:2   | XOM: snakes to sticks
 23301 | Lair:2   | XOM: harmless Ice miscast
 23315 | Lair:2   | XOM: summons 12 friendly demons
 23672 | Lair:2   | Reached XP level 13. HP: 54/54 MP: 25/25
 23809 | Lair:2   | XOM: butterfly on damage
 23812 | Lair:2   | XOM: divination: detect creatures
 23825 | Lair:2   | XOM: potion effect (might)
 24640 | Lair:2   | XOM: give mutation
 24640 | Lair:2   | Lost mutation: You possess an exceptional clarity of mind. [Xom's mischief]
 24669 | Lair:3   | XOM: polymorph hippogriff -> wind drake
 24676 | Lair:3   | XOM: 4-stop teleportation journey
 24686 | Lair:3   | XOM: noise
 24690 | Lair:3   | XOM: enchant monster (good)
 24807 | Lair:2   | XOM: give mutations
 24807 | Lair:2   | Lost mutation: You are somewhat resistant to further mutation. [Xom's mischief]
 24807 | Lair:2   | Gained mutation: You are weak. (Str -2) [Xom's mischief]
 24807 | Lair:2   | Lost mutation: You are partially covered in molten scales. (AC +2) [Xom's mischief]
 24807 | Lair:2   | Lost mutation: You are frail. (-10% HP) [Xom's mischief]
 25001 | Lair:3   | XOM: give mutations
 25001 | Lair:3   | Lost mutation: You sometimes yell uncontrollably at your foes. [Xom's mischief]
 25001 | Lair:3   | Gained mutation: You are somewhat resistant to further mutation. [Xom's mischief]
 25031 | Lair:3   | XOM: confusion
 25038 | Lair:3   | XOM: confuse monster(s)
 25137 | Lair:3   | Found a dark tunnel.
 25142 | Volcano  | Entered a volcano
 25248 | Volcano  | Found a radiant altar of Vehumet.
 25256 | Volcano  | XOM: potion effect (brilliance)
 25259 | Volcano  | XOM: cast spell 'Leda's Liquefaction'
 25264 | Volcano  | XOM: 1-stop teleportation journey
 25442 | Volcano  | XOM: scenery: 3 doors open
 25680 | Lair:3   | XOM: summons 13 friendly demons
 25762 | Lair:3   | XOM: harmless Fire miscast
 25871 | Lair:3   | XOM: noise
 25887 | Lair:3   | Found a blossoming altar of Fedhas.
 26097 | Lair:4   | XOM: noise
 26129 | Lair:4   | XOM: noise
 26133 | Lair:4   | Found a staircase to the Snake Pit.
 26133 | Lair:4   | XOM: 2-stop teleportation journey
 26189 | Lair:4   | XOM: enchant monster (bad)
 26311 | Lair:5   | XOM: noise
 26390 | Lair:5   | XOM: medium Ice miscast
 26521 | Lair:4   | XOM: scenery: create altars
 26736 | Lair:4   | XOM: confusion (+ monsters)
 26743 | Lair:4   | XOM: confuse monster(s)
 26781 | Lair:4   | Reached skill level 10 in Fighting
 26788 | Lair:4   | XOM is BORED!
 26788 | Lair:4   | XOM: summons 6 hostile demons
 26797 | Lair:4   | Found a staircase to the Shoals.
 26922 | Lair:4   | XOM: harmless Conj miscast
 27931 | Lair:5   | XOM: harmless Erth miscast
 28004 | Lair:5   | XOM: divination: detect creatures
 28068 | Lair:5   | XOM: divination: detect creatures
 28567 | Lair:6   | Entered Level 6 of the Lair of Beasts
 28586 | Lair:6   | XOM: destruction
 28597 | Lair:6   | XOM: god gift: glowing leather armour {god gift}
 28613 | Lair:6   | XOM: fog
 28616 | Lair:6   | Reached XP level 14. HP: 66/66 MP: 27/27
 28658 | Lair:6   | XOM: potion effect (invisibility)
 28893 | Lair:6   | XOM: cleaving
 29009 | Lair:6   | XOM: stat loss: -1 Str (5/6)
 29012 | Lair:6   | XOM: god gift: small tourmaline ring {god gift}
 29284 | Lair:6   | Found a burning altar of Makhleb.
 29310 | Lair:6   | XOM: fog
 29315 | Lair:6   | Demolished by a dream sheep
 29316 | Lair:6   | Reached XP level 13. HP: -19/62 MP: 20/35
 29316 | Lair:6   | Found a shattered altar of Ashenzari.
 29316 | Lair:6   | XOM: 1-stop teleportation journey
 29398 | Lair:6   | XOM: enchant monster (good)
 29840 | Lair:6   | XOM: potion effect (magic)
 29852 | Lair:6   | XOM: mild Tmut miscast
 29852 | Lair:6   | XOM: smoke on damage
 30013 | Lair:6   | Found a staircase to the Slime Pits.
 30013 | Lair:6   | Found a viscous altar of Jiyva.
 30181 | Lair:6   | XOM: divination: magic mapping
 30217 | Lair:6   | XOM: 1-stop teleportation journey
 30241 | Lair:6   | XOM: cloud trail
 30339 | Lair:6   | XOM: god gift: 26 sling bullets
 30586 | Lair:6   | XOM: divination: magic mapping
 30649 | Lair:6   | Found a gateway to Hell.
 30660 | Lair:6   | Got a heavily runed amber ring
 30662 | Lair:6   | Identified the ring "Ilovaked" {Fire Dex+3} (You found it on level 6 of the Lair of Beasts)
 30976 | D:9      | Killed Psyche
 31257 | D:9      | XOM: chaos cloud
 31259 | D:9      | Cast into level 2 of the Abyss (Xom)
 31279 | Abyss:2  | XOM: draining
 31320 | Abyss:2  | Paralysed by a great orb of eyes for 6 turns
 31322 | Abyss:2  | XOM: scenery: 4 doors open
 31326 | Abyss:2  | HP: 2/62 [great orb of eyes (10)]
 31326 | Abyss:2  | Slain by a great orb of eyes

Skill      XL: |  1  2  3  4  5  6  7  8  9 10 11 12 13 |
---------------+----------------------------------------+-----
Stealth        | 1 2 3 4 7 8 9 10 12 13 | 13.9
Dodging        | 4 5 7 8 9 11 13 | 13.1
Unarmed Combat | 4 5 7 8 9 11 12 14 | 14.0
Fighting       | 4 5 6 7 9 10 | 10.6
Hexes          | 1 3 5 6 8 12 13 14 | 14.7
Spellcasting   | 3 4 5 6 7 8 |  8.6
Evocations     | 2 3 4 |  4.6

Action                   |  1- 3 |  4- 6 |  7- 9 | 10-12 | 13-15 || total
-------------------------+-------+-------+-------+-------+-------++-------
Melee: Unarmed           |    80 |   215 |   394 |   706 |   574 ||  1969
       Bite              |     7 |    22 |    36 |    92 |    54 ||   211
       Punch             |     2 |     4 |    11 |    44 |    31 ||    92
 Cast: Dazzling Spray    |       |       |    44 |    68 |    43 ||   155
       Invisibility      |       |       |       |    16 |    17 ||    33
Evoke: Wand              |       |     3 |     7 |     3 |     2 ||    15
  Use: Scroll            |       |    13 |     8 |    13 |     7 ||    41
       Potion            |       |     1 |     4 |     4 |     4 ||    13
 Stab: Sleeping          |     7 |     5 |    16 |    25 |    17 ||    70
       Distracted        |     1 |     3 |     6 |     3 |     6 ||    19
       Confused          |     1 |       |       |     2 |     1 ||     4
       Paralysed         |       |     2 |       |       |       ||     2
       Invisible         |       |       |    13 |    93 |    86 ||   192
       Petrified         |       |       |     1 |       |       ||     1
       Petrifying        |       |       |       |     1 |       ||     1
       Betrayed ally     |       |       |       |     1 |       ||     1
  Eat: Chunk             |    10 |     6 |    32 |    38 |    32 ||   118
       Meat ration       |       |       |       |     2 |       ||     2
Armor: Skin              |     2 |    13 |    17 |    35 |    31 ||    98
Dodge: Dodged            |    50 |   140 |   459 |   717 |   753 ||  2119
